 Dungeon Crawl Stone Soup version 0.21.1-1-g345015f (webtiles) character file.

128 vatarom the Agent of Entropy (level 4, 0/35 HPs)
             Began as a Demonspawn Abyssal Knight on Apr 30, 2018.
             Was a Priest of Lugonu.
             Killed by divine providence
             ... invoked by an orc priest
              (12 damage)
             ... on level 3 of the Dungeon.
             The game lasted 00:06:52 (2309 turns).

vatarom the Agent of Entropy (DsAK)                 Turns: 2309, Time: 00:06:53

Health: 0/35       AC:  3    Str: 12    XL:     4   Next: 87%
Magic:  7/7        EV: 12    Int: 14    God:    Lugonu [***...]
Gold:   112        SH:  0    Dex: 13    Spells: 3/3 levels left

rFire    + . .     SeeInvis .   a - +1 falchion
rCold    . . .     Gourm    .   (no shield)
rNeg     . . .     Faith    .   j - +0 leather armour {rF+}
rPois    .         Spirit   .   (helmet restricted)
rElec    .         Reflect  .   (no cloak)
rCorr    .         Harm     .   (no gloves)
MR       .....                  (no boots)
Stlth    +.........             (no amulet)
HPRegen  0.11/turn              (no ring)
MPRegen  0.10/turn              (no ring)

@: no status effects
A: horns 1, talons 1
a: Depart the Abyss, Bend Space, Banish, Renounce Religion


You were on level 3 of the Dungeon.
You worshipped Lugonu.
Lugonu was most pleased with you.
You were hungry.

You visited 1 branch of the dungeon, and saw 3 of its levels.
You visited the Abyss 1 time.

You collected 112 gold pieces.

Inventory:

Hand Weapons
 a - a +1 falchion (weapon)
Armour
 j - a +0 leather armour of fire resistance (worn)
Scrolls
 b - a scroll of fog {unknown}
 d - a scroll of teleportation
 f - 2 scrolls of fear {unknown}
 g - a scroll of enchant weapon {unknown}
 i - a scroll of random uselessness {unknown}
 k - a scroll of enchant armour {unknown}
Potions
 e - a potion of haste {unknown}
 h - 2 potions of degeneration {unknown}
Comestibles
 c - 2 rations
 l - 2 chunks of flesh


   Skills:
 - Level 3.0 Fighting
 * Level 3.2 Long Blades
 - Level 1.7 Armour
 + Level 1.9 Dodging
 * Level 4.6 Invocations


You had 3 spell levels left.
You didn't know any spells.

Dungeon Overview and Level Annotations

Branches:
Dungeon (3/15)

Altars:


Innate Abilities, Weirdness & Mutations

You have a pair of small horns on your head.
You have sharp toenails.


Message History

The giant cockroach is heavily wounded.
The giant cockroach completely misses you.
The orc hits you with a war axe! The giant cockroach barely misses you.
You riposte.
You closely miss the giant cockroach.
The giant cockroach is heavily wounded.
You hit the giant cockroach.
You kill the giant cockroach!
Lugonu accepts your kill. The orc closely misses you.
You miss the adder. The adder bites you. The hobgoblin hits you.
The orc closely misses you.
You riposte.
You barely miss the orc. Your kick misses the orc. The adder bites you.
The adder bites you. The adder closely misses you.
You riposte.
You miss the adder. You claw the adder. You headbutt the adder.
The adder is heavily wounded.
The orc priest invokes the aid of Beogh against you.
Beogh smites you!
You die...

.......o..###.#.......>..
#..###l#####.##....##..#
##.####..[...#. #..#
#..o#g.o.#.# #.##..#
#.oo.>##...# #..#..#####
#...####g### ##..........
#...# ##.# ##.........$
#...###.S#####..#........
.........@................
..##....##.####..#.........
##....###
#.##.............. ## #.(##
#........#########
..##...#####..###..#
....#.##.....# ....#
......#..#..######.#
#..<†....## .# ###....##..#
.#


You could see an orc priest, an adder and a hobgoblin.

Vanquished Creatures
  Robin (D:2)
  4 adders (D:2)
  2 oozes
  2 worms (D:2)
  An orc (D:3)
  10 bats
  3 giant cockroaches
  10 hobgoblins
  8 kobolds
  4 frilled lizards
  11 goblins
  11 rats
67 creatures vanquished.

Notes
Turn   | Place    | Note
-------+----------+-------------------------------------------
     0 | Abyss:1  | vatarom the Demonspawn Abyssal Knight began the quest for the Orb.
     0 | Abyss:1  | Reached XP level 1. HP: 18/18 MP: 2/2
    21 | D:1      | Escaped the Abyss
    93 | D:1      | Reached skill level 1 in Dodging
    95 | D:1      | Gained mutation: You have sharp toenails. [demonic ancestry]
    95 | D:1      | Reached XP level 2. HP: 18/24 MP: 4/4
   113 | D:1      | Reached skill level 3 in Invocations
   220 | D:1      | Reached ** piety under Lugonu
   589 | D:1      | Gained mutation: You have a pair of small horns on your head. [demonic ancestry]
   589 | D:1      | Reached XP level 3. HP: 29/29 MP: 5/5
  1060 | D:2      | Noticed Robin
  1077 | D:2      | Killed Robin
  1077 | D:2      | Reached skill level 4 in Invocations
  1077 | D:2      | Reached XP level 4. HP: 26/35 MP: 5/7
  2222 | D:3      | Reached *** piety under Lugonu
  2309 | D:3      | Killed from afar by an orc priest

Skill      XL: |  1  2  3  4 |
---------------+-------------+-----
Long Blades    | 2 3 |  3.2
Dodging        | 1 |  1.9
Invocations    | 3 4 |  4.6
Fighting       | |  3.0
Armour         | |  1.7

Action                   |  1- 3 |  4- 6 || total
-------------------------+-------+-------++-------
Melee: Falchion          |    77 |    64 ||   141
       Kick              |     6 |    17 ||    23
       Headbutt          |     6 |     7 ||    13
  Use: Scroll            |     2 |       ||     2
  Eat: Chunk             |     1 |     3 ||     4
Armor: Leather armour    |    17 |     9 ||    26
Dodge: Dodged            |    43 |    49 ||    92
       Rpst.: Falchion   |    15 |    16 ||    31
